[Event "Titled Tuesday Blitz December 06 Late 2022"]
[White "Manukyan, Sargis A."]
[Black "Bryan, Jarod"]
[WhiteFideId "13303970"]
[BlackFideId "2009617"]
[WhiteElo "2187"]
[BlackElo "2096"]
[Result "1-0"]
[Round "01"]
[TimeControl "180+1"]
[Date "2022.12.07"]
[WhiteClock "0:01:09"]
[BlackClock "0:00:03"]

1. Nf3 Nc6 2. d4 d6 3. g3 f5 4. Bg2 Nf6 5. O-O g6 6. c4 Bg7 7. Nc3 O-O 8. d5 Ne5 9. Nxe5 dxe5 10. e4 f4 11. gxf4 exf4 12. e5 Ng4 13. e6 Ne5 14. Qb3 Nd3 15. Ne4 Nxc1 16. Raxc1 b6 17. Rfd1 Qe8 18. Ng5 h6 19. Nf7 Rxf7 20. exf7+ Qxf7 21. d6 cxd6 22. Bxa8 Qf5 23. Qf3 Bxb2 24. Rb1 Be5 25. Be4 Qg5+ 26. Qg2 Kg7 27. Qxg5 hxg5 28. f3 g4 29. Kg2 Kf6 30. c5 bxc5 31. Rb8 Be6 32. a4 gxf3+ 33. Bxf3 g5 34. h3 Bb3 35. Rxb3 1-0


[Site "https://www.chess.com"]

[Event "Titled Tuesday Blitz December 06 Late 2022"]
[White "Marchesich, Giovanni"]
[Black "Goroshkov, Maksym"]
[WhiteFideId "2824790"]
[BlackFideId "14142716"]
[WhiteElo "2200"]
[BlackElo "2258"]
[Result "1-0"]
[Round "01"]
[TimeControl "180+1"]
[Date "2022.12.07"]
[WhiteClock "0:01:06"]
[BlackClock "0:01:56"]

1. Nf3 Nf6 2. e3 g6 3. b3 Bg7 4. Bb2 O-O 5. c4 d5 6. cxd5 Nxd5 7. Bxg7 Nf6 8. Bxf8 Qxf8 9. Nc3 Nc6 10. Be2 e5 11. O-O Bf5 12. d3 Rd8 13. e4 Nxe4 14. Nxe4 Bxe4 15. a3 Bf5 16. Qc2 Qh6 17. b4 Qf4 18. Qd2 Qg4 19. Nxe5 Qd4 20. Nxc6 bxc6 21. Rfd1 c5 22. Qe3 Qf6 23. Qxc5 Rd4 24. Bf3 Rxd3 25. Rxd3 Bxd3 26. Rd1 Bf5 27. h3 Bxh3 28. Qd4 Qf5 29. Qd8+ Kg7 30. Qd3 Qg5 31. Qd4+ f6 32. g3 Qf5 33. Bg2 Bg4 34. Re1 g5 35. Qe4 Qc8 36. Qe7+ Kg6 37. Qe8+ Qxe8 38. Rxe8 h5 39. Ra8 h4 40. gxh4 gxh4 41. Rxa7 h3 42. Bh1 Kf5 43. Rxc7 Ke5 44. Rc3 Kd4 45. Rc1 Bd7 46. Kh2 Bb5 47. Kxh3 f5 48. f4 Ke3 49. a4 Bxa4 50. Bc6 Bb3 51. b5 Be6 52. b6 Bc8 53. b7 Bxb7 54. Bxb7 Kxf4 55. Bc8 Kg5 56. Bxf5 Kf4 57. Re1 Kf3 58. Bg4+ Kf4 59. Rf1+ Ke4 60. Kg3 Ke5 61. Re1+ Kf6 62. Kf4 Kf7 63. Re6 Kg7 64. Kg5 Kf7 65. Kf5 Kg7 66. Bh5 Kh7 67. Kg5 Kg7 68. Re7+ Kf8 69. Ra7 Kg8 70. Kf6 Kh8 71. Kg6 Kg8 72. Ra8# 1-0


[Site "https://www.chess.com"]

[Event "Titled Tuesday Blitz December 06 Late 2022"]
[White "Marcolino, Daniel Mattos"]
[Black "Domingo Nunez, Ruben"]
[WhiteFideId "2106841"]
[BlackFideId "22245570"]
[WhiteElo "2149"]
[BlackElo "2406"]
[Result "0-1"]
[Round "01"]
[TimeControl "180+1"]
[Date "2022.12.07"]
[WhiteClock "0:00:08"]
[BlackClock "0:00:18"]

1. d4 g6 2. Nf3 Bg7 3. g3 Nf6 4. Bg2 O-O 5. O-O d6 6. b3 Nbd7 7. Bb2 c5 8. c4 Rb8 9. Nc3 a6 10. a4 b6 11. Qc2 Ne8 12. Rad1 Nc7 13. Rfe1 b5 14. axb5 axb5 15. dxc5 Nxc5 16. b4 N5a6 17. Nxb5 Bxb2 18. Qxb2 Nxb5 19. cxb5 Rxb5 20. Rd4 Qb6 21. Red1 Rxb4 22. Rxb4 Qxb4 23. Qxb4 Nxb4 24. Nd4 Bd7 25. Rb1 Rc8 26. Bb7 Rc4 27. e3 e5 28. Nf3 Bf5 29. Rb2 Nd3 30. Rd2 Bh3 31. Rd1 Rb4 32. Ng5 Bg4 33. f3 Rxb7 34. Rxd3 Rb1+ 35. Kf2 Rb2+ 36. Ke1 Bf5 37. Rxd6 h6 38. Ne4 Bxe4 39. fxe4 Rxh2 40. Rd7 Kg7 41. Re7 Kf6 42. Ra7 Rg2 43. Ra6+ Kg7 44. Ra5 Kf6 45. Ra6+ Kg5 46. Ra5 f6 47. Ra6 Rxg3 48. Kf2 Rg4 49. Kf3 Rg1 50. Rb6 h5 51. Rb2 h4 52. Rh2 Rg3+ 53. Kf2 Kg4 54. Ke2 h3 55. Kf2 Rg2+ 56. Rxg2+ hxg2 57. Kxg2 f5 0-1


[Site "https://www.chess.com"]

[Event "Titled Tuesday Blitz December 06 Late 2022"]
[White "Martinez Alcantara, Jose Eduardo"]
[Black "Adewumi, Tanitoluwa"]
[WhiteFideId "3805662"]
[BlackFideId "30966396"]
[WhiteElo "2707"]
[BlackElo "2539"]
[Result "1-0"]
[Round "01"]
[TimeControl "180+1"]
[Date "2022.12.06"]
[WhiteClock "0:01:18"]
[BlackClock "0:00:04"]

1. e4 c5 2. Nf3 e6 3. c3 Nf6 4. Bd3 Nc6 5. Bc2 e5 6. d3 d6 7. Bg5 Be7 8. Nbd2 O-O 9. Bxf6 Bxf6 10. Nc4 Be6 11. Ne3 Bg5 12. Nxg5 Qxg5 13. h4 Qf6 14. Bb3 Rad8 15. Qf3 Qxf3 16. gxf3 a6 17. Ke2 h5 18. Rhg1 Ne7 19. Rg5 Bxb3 20. axb3 g6 21. Nc4 f6 22. Rgg1 Kf7 23. Ra5 Nc6 24. Raa1 Ne7 25. Ne3 Ke6 26. Ra4 f5 27. b4 fxe4 28. fxe4 Rf4 29. Rh1 Rdf8 30. Rh2 cxb4 31. Rxb4 b5 32. Rb3 Ra8 33. Ra3 a5 34. Nf1 Nc6 35. Ne3 b4 36. Ra4 bxc3 37. bxc3 Rb8 38. Ra2 Ne7 39. Nc4 d5 40. Nd2 dxe4 41. Nxe4 Nd5 42. Kd2 Rf3 43. Ng5+ 1-0


[Site "https://www.chess.com"]

[Event "Titled Tuesday Blitz December 06 Late 2022"]
[White "McCoy, Owen"]
[Black "Rama, Tejas"]
[WhiteFideId "30924502"]
[BlackFideId "30907381"]
[WhiteElo "2659"]
[BlackElo "2089"]
[Result "1-0"]
[Round "01"]
[TimeControl "180+1"]
[Date "2022.12.07"]
[WhiteClock "0:00:15"]
[BlackClock "0:00:04"]

1. Nf3 Nf6 2. b3 d5 3. Bb2 c5 4. e3 Nc6 5. Bb5 Bg4 6. h3 Bd7 7. O-O e6 8. d3 Rc8 9. Nbd2 Bd6 10. Bxc6 Bxc6 11. Ne5 O-O 12. Qe2 Nd7 13. Nxc6 Rxc6 14. f4 f5 15. e4 fxe4 16. Qg4 Rf7 17. dxe4 Nf6 18. Qe2 dxe4 19. Nxe4 Bf8 20. Ng5 Re7 21. Rad1 Qe8 22. Qd3 h6 23. Nf3 Qh5 24. Ne5 Rc8 25. Nc4 Rd7 26. Qf3 Qxf3 27. gxf3 Rcd8 28. Rxd7 Rxd7 29. Re1 b5 30. Ne3 Nh5 31. f5 exf5 32. Nxf5 Rf7 33. Nh4 g5 34. Ng6 Bg7 35. Re8+ Kh7 36. Bxg7 Kxg7 37. Ne5 Rf6 38. Re7+ Kg8 39. Rxa7 Rf5 40. Ng4 Ng7 41. Nxh6+ 1-0


[Site "https://www.chess.com"]

[Event "Titled Tuesday Blitz December 06 Late 2022"]
[White "Mendez Fortes, Eduardo Jesus"]
[Black "Floresvillar Gonzalez, Luis Migu"]
[WhiteFideId "3502376"]
[BlackFideId "5100542"]
[WhiteElo "2307"]
[BlackElo "2040"]
[Result "1-0"]
[Round "01"]
[TimeControl "180+1"]
[Date "2022.12.07"]
[WhiteClock "0:00:52"]
[BlackClock "0:00:11"]

1. e4 e6 2. d4 d5 3. Nd2 dxe4 4. Nxe4 Nd7 5. Nf3 Ngf6 6. Bd3 c5 7. Nxf6+ Nxf6 8. c3 cxd4 9. Nxd4 Be7 10. Qe2 O-O 11. Bg5 Re8 12. O-O-O Qa5 13. Bxf6 Bxf6 14. Qe4 g6 15. Kb1 Bd7 16. h4 Bc6 17. Nxc6 bxc6 18. Bc2 Rab8 19. Bb3 Qf5 20. Qxf5 exf5 21. Rd6 Kg7 22. h5 Be5 23. Rxc6 Rb6 24. h6+ Kf8 25. Rxb6 axb6 26. Rd1 Bf4 27. g3 Bxh6 28. Bc4 f4 29. g4 f3 30. a4 Re4 31. b3 Rxg4 32. Rd3 Rg1+ 33. Kb2 Rg2 34. Rxf3 f5 35. b4 Bg5 36. Bd5 Rh2 37. a5 bxa5 38. bxa5 Bh4 39. Kb3 Rxf2 40. Rh3 Be7 41. Rxh7 Bc5 42. a6 g5 43. a7 Bxa7 44. Rxa7 g4 45. c4 f4 46. c5 g3 47. c6 Rf1 48. c7 Rc1 49. Ra8+ Ke7 50. c8=Q Rxc8 51. Rxc8 Kf6 52. Bf3 Ke5 53. Rc4 1-0


[Site "https://www.chess.com"]

[Event "Titled Tuesday Blitz December 06 Late 2022"]
[White "Milikow, Yoav"]
[Black "Taboas Rodriguez, Daniel"]
[WhiteFideId "2822237"]
[BlackFideId "2208466"]
[WhiteElo "2416"]
[BlackElo "2329"]
[Result "1-0"]
[Round "01"]
[TimeControl "180+1"]
[Date "2022.12.07"]
[WhiteClock "0:01:03"]
[BlackClock "0:00:15"]

1. d4 Nf6 2. c4 g6 3. Nc3 Bg7 4. e4 d6 5. Be2 O-O 6. Be3 Nc6 7. d5 Ne5 8. f4 Ned7 9. Nf3 e6 10. dxe6 fxe6 11. Nd2 b6 12. O-O Bb7 13. Qc2 a5 14. Rad1 Nc5 15. Bf3 Qe7 16. Qb1 e5 17. Bxc5 bxc5 18. f5 gxf5 19. exf5 e4 20. Ndxe4 Nxe4 21. Bxe4 Bxe4 22. Nxe4 Rae8 23. Rde1 Bd4+ 24. Kh1 Qh4 25. Qd3 Re5 26. g3 Qg4 27. Rf4 Qh3 28. f6 Rf5 29. Ref1 Qxf1+ 30. Rxf1 Rxf1+ 31. Qxf1 1-0


[Site "https://www.chess.com"]

[Event "Titled Tuesday Blitz December 06 Late 2022"]
[White "Milosevic, Milos"]
[Black "Slovineanu"]
[WhiteFideId "964875"]
[WhiteElo "2314"]
[BlackElo "2255"]
[Result "0-1"]
[Round "01"]
[TimeControl "180+1"]
[Date "2022.12.07"]
[WhiteClock "0:00:09"]
[BlackClock "0:00:19"]

1. e4 c6 2. d4 d5 3. Nc3 dxe4 4. Nxe4 Nf6 5. Nxf6+ exf6 6. c3 Bd6 7. Bd3 Na6 8. Qc2 h5 9. Ne2 Nc7 10. h3 h4 11. Bd2 a5 12. c4 Kf8 13. a3 a4 14. O-O g6 15. f4 f5 16. Bc3 Be7 17. Rad1 Bf6 18. Kh1 Kg7 19. Ng1 Be6 20. Nf3 b5 21. d5 bxc4 22. dxe6 cxd3 23. Rxd3 Nd5 24. exf7 Bxc3 25. bxc3 Qf6 26. Ne5 Nxf4 27. Nd7 Qg5 28. f8=Q+ Rhxf8 29. Nxf8 Rxf8 30. Rd7+ Kh6 31. Rd4 Nh5 32. Rf3 Re8 33. Qf2 Ng3+ 34. Kh2 Re2 35. Rxh4+ Qxh4 36. Qxg3 Qxg3+ 37. Kxg3 Ra2 38. c4 Rc2 39. Kf4 Rxc4+ 40. Ke5 Re4+ 41. Kd6 Rc4 42. Re3 Rc2 43. g4 fxg4 44. hxg4 Kg5 45. Re4 c5 46. Kd5 c4 47. Rxc4 Rxc4 48. Kxc4 Kxg4 49. Kb4 Kf4 50. Kxa4 g5 51. Kb5 g4 52. a4 g3 53. a5 g2 54. a6 g1=Q 55. a7 Qxa7 56. Kc6 Qa5 0-1


[Site "https://www.chess.com"]

[Event "Titled Tuesday Blitz December 06 Late 2022"]
[White "Miszler, Levente"]
[Black "Darini, Pouria"]
[WhiteFideId "763276"]
[BlackFideId "12502200"]
[WhiteElo "2176"]
[BlackElo "2482"]
[Result "1-0"]
[Round "01"]
[TimeControl "180+1"]
[Date "2022.12.07"]
[WhiteClock "0:00:07"]
[BlackClock "0:00:17"]

1. Nf3 Nf6 2. c4 c5 3. g3 Nc6 4. Bg2 d5 5. cxd5 Nxd5 6. Nc3 Nc7 7. O-O e5 8. d3 Be7 9. Nd2 Bd7 10. Nc4 O-O 11. Bxc6 Bxc6 12. Nxe5 Be8 13. Nf3 Bc6 14. Ne5 Be8 15. Nf3 Rc8 16. Qb3 b6 17. Be3 Bc6 18. Rad1 Nd5 19. Nxd5 Bxd5 20. Qc3 Bf6 21. Qa3 Qd7 22. d4 Bxf3 23. exf3 cxd4 24. Rd3 Rfd8 25. Rfd1 Rc4 26. b3 Rc7 27. Bxd4 Bxd4 28. Rxd4 Qxd4 29. Rxd4 Rxd4 30. Qb2 Rcd7 31. Qc2 h6 32. a4 Rd1+ 33. Kg2 R1d2 34. Qc3 R2d3 35. Qc8+ Rd8 36. Qc4 R3d4 37. Qc3 Rd3 38. Qb4 R3d4 39. Qb5 R4d5 40. Qc4 a5 41. Qc6 R5d6 42. Qc4 Rd4 43. Qc6 R8d6 44. Qe8+ Kh7 45. Qxf7 Rb4 46. Qf5+ Kg8 47. Qc8+ Kh7 48. Qc2+ Kg8 49. f4 Rbd4 50. Qc8+ Kh7 51. Qf5+ Kg8 52. Qe5 R4d5 53. Qe4 Rd4 54. Qe5 R4d5 55. Qe8+ Kh7 56. f5 Rd4 57. h3 Rf6 58. g4 Rdd6 59. Qe5 Rc6 60. f4 Rc5 61. Qd4 Rfc6 62. Kg3 Rc3+ 63. Kh4 R3c5 64. Qe4 Kg8 65. g5 hxg5+ 66. fxg5 Rc8 67. Qe6+ Kh8 68. f6 gxf6 69. Qxf6+ Kg8 70. g6 R5c7 71. Qe6+ Kf8 72. Qf6+ Kg8 73. Kg5 Re8 74. h4 Rce7 75. Kh6 Re5 76. h5 R5e7 77. Qf5 Rc7 78. Qd5+ Kf8 79. Qd6+ Rce7 80. g7+ Kg8 81. Qd5+ Re6+ 82. Kg5 Kxg7 83. Qd4+ Kg8 84. Qd5 Kh8 85. Qd4+ Kh7 86. Qd3+ Kg8 87. Qd5 Kf8 88. Qf5+ Ke7 89. h6 Rg8+ 90. Kh5 Rf8 91. Qd5 Ref6 92. Qb7+ Kd6 93. Qxb6+ Kd5 94. Qb5+ Kd4 95. Qd7+ Kc3 96. h7 Rf5+ 97. Kg6 R5f6+ 98. Kg7 Rf1 99. h8=Q Rxh8 100. Kxh8 Rh1+ 101. Kg7 Rd1 102. Qb5 Rd7+ 103. Qxd7 Kb2 104. Qb5 Ka3 105. Qxa5 Kb2 106. Qb5 Ka2 107. a5 Kb2 108. a6 Ka3 109. a7 Kb2 110. a8=Q Kc3 111. Qc4+ 1-0


[Site "https://www.chess.com"]

[Event "Titled Tuesday Blitz December 06 Late 2022"]
[White "Moksh Amit Doshi"]
[Black "Arbunic Castro, Giovanna"]
[WhiteFideId "25064967"]
[BlackFideId "3400549"]
[WhiteElo "2297"]
[BlackElo "1921"]
[Result "1-0"]
[Round "01"]
[TimeControl "180+1"]
[Date "2022.12.07"]
[WhiteClock "0:01:11"]
[BlackClock "0:00:52"]

1. e4 g6 2. d4 Bg7 3. Nf3 c5 4. dxc5 Qa5+ 5. Nbd2 Qxc5 6. Bd3 d6 7. O-O Nf6 8. a3 O-O 9. b4 Qc7 10. Bb2 Nbd7 11. h3 a5 12. Re1 axb4 13. axb4 Rxa1 14. Qxa1 e5 15. Nc4 b5 16. Na3 d5 17. Nxb5 Qb6 18. exd5 Nxd5 19. Nxe5 Nxe5 20. Bxe5 Bxe5 21. Qxe5 Nxb4 22. Nd6 Nxd3 23. cxd3 Be6 24. Ne4 f5 25. Nf6+ Kf7 26. Nxh7 Re8 27. Ng5+ 1-0


[Site "https://www.chess.com"]

[Event "Titled Tuesday Blitz December 06 Late 2022"]
[White "Moral Garcia, Serafin"]
[Black "Keymer, Vincent"]
[WhiteFideId "2201925"]
[BlackFideId "12940690"]
[WhiteElo "2259"]
[BlackElo "2600"]
[Result "0-1"]
[Round "01"]
[TimeControl "180+1"]
[Date "2022.12.06"]
[WhiteClock "0:00:51"]
[BlackClock "0:01:18"]

1. Nf3 d5 2. b3 Bg4 3. Bb2 Nd7 4. e3 e6 5. Be2 Ngf6 6. O-O h6 7. c4 Be7 8. h3 Bf5 9. Nc3 O-O 10. d4 c6 11. Bd3 Ne4 12. Qc2 Ndf6 13. Ne5 Bh7 14. f3 Ng3 15. Rfe1 Bxd3 16. Qxd3 Bd6 17. Ng4 Bc7 18. Nxf6+ Qxf6 19. e4 dxe4 20. Nxe4 Qf4 21. Bc1 Qh4 22. Be3 Nxe4 23. Qxe4 Qg3 24. f4 Rad8 25. Rad1 Rd7 26. Rf1 Qh4 27. Rd2 Rfd8 28. Rfd1 Qf6 29. d5 exd5 30. cxd5 Re7 31. Qd4 Rxe3 32. Qxf6 gxf6 33. dxc6 Rxd2 34. Rxd2 bxc6 35. Rd7 Bxf4 0-1


[Site "https://www.chess.com"]

[Event "Titled Tuesday Blitz December 06 Late 2022"]
[White "Moroni, Luca Jr"]
[Black "Peatman, Carter"]
[WhiteFideId "865834"]
[BlackFideId "2096480"]
[WhiteElo "2573"]
[BlackElo "2473"]
[Result "1-0"]
[Round "01"]
[TimeControl "180+1"]
[Date "2022.12.06"]
[WhiteClock "0:01:40"]
[BlackClock "0:01:20"]

1. d4 d5 2. Nf3 Nf6 3. Bf4 e6 4. e3 Bd6 5. Nbd2 O-O 6. Bd3 c5 7. dxc5 Bxc5 8. O-O Nc6 9. e4 dxe4 10. Nxe4 Nxe4 11. Bxe4 Qb6 12. Bxh7+ Kxh7 13. Ng5+ Kg6 14. Qg4 f5 15. Qg3 Kf6 16. Nh7+ Kf7 17. Nxf8 Kxf8 18. Rad1 Bd4 19. c3 Bf6 20. Bg5 Be5 21. Qh4 Kg8 22. Qh5 Qxb2 23. Qe8+ Kh7 24. Rd3 1-0


[Site "https://www.chess.com"]

[Event "Titled Tuesday Blitz December 06 Late 2022"]
[White "Nepo"]
[Black "Danielyan, Vahe"]
[BlackFideId "13304828"]
[WhiteElo "2218"]
[BlackElo "2423"]
[Result "0-1"]
[Round "01"]
[TimeControl "180+1"]
[Date "2022.12.07"]
[WhiteClock "0:01:21"]
[BlackClock "0:01:37"]

1. e4 d6 2. d4 Nf6 3. Nc3 e5 4. dxe5 dxe5 5. Qxd8+ Kxd8 6. Bg5 Be6 7. O-O-O+ Kc8 8. f3 c6 9. Nge2 Nbd7 10. Ng3 h6 11. Be3 Bb4 12. a3 Bxc3 13. bxc3 Rd8 14. Nf5 Bxf5 15. exf5 Nd5 16. Bd2 N7f6 17. c4 Nb6 18. Bc3 Rxd1+ 19. Kxd1 Nbd7 20. Bd3 Kc7 21. Re1 Re8 22. g3 b6 23. Kd2 c5 24. f4 e4 25. Bf1 Kd6 26. Bg2 h5 27. Kc1 Kc7 28. h3 a5 29. g4 hxg4 30. hxg4 Nxg4 31. Rxe4 Rxe4 32. Bxe4 Ndf6 33. Bd5 Nxd5 34. cxd5 Kd6 35. Bxg7 Kxd5 36. Kd2 Ke4 37. Bf8 Ne3 38. Be7 Nd5 39. Bd6 Kxf5 40. c4 Nxf4 41. Bc7 a4 42. Bxb6 Ne6 43. Ba7 Ke4 44. Kc3 f5 45. Bb8 f4 46. Bd6 Ke3 0-1


[Site "https://www.chess.com"]

[Event "Titled Tuesday Blitz December 06 Late 2022"]
[White "O`Gorman, Tom"]
[Black "Prohorov, Olexandr"]
[WhiteFideId "2508249"]
[BlackFideId "14105578"]
[WhiteElo "2271"]
[BlackElo "1993"]
[Result "1-0"]
[Round "01"]
[TimeControl "180+1"]
[Date "2022.12.07"]
[WhiteClock "0:00:07"]
[BlackClock "0:00:06"]

1. e4 c5 2. Nf3 e6 3. d4 cxd4 4. Nxd4 Qb6 5. Nb3 Nf6 6. Nc3 Bb4 7. Be3 Qc7 8. f3 d5 9. Bb5+ Nc6 10. O-O Bxc3 11. bxc3 O-O 12. exd5 Nxd5 13. Qd2 a6 14. Bd3 b5 15. Bc5 Rd8 16. Rae1 Bb7 17. Qf2 Ne5 18. Be4 Qd7 19. Bd4 Nc6 20. Nc5 Qe7 21. Nxb7 Qxb7 22. Bc5 Rac8 23. Qh4 h6 24. Bd3 Nxc3 25. Be3 Qe7 26. Qg3 Nd5 27. Bxh6 Qf6 28. Bg5 Qd4+ 29. Kh1 Re8 30. Re4 Qb2 31. Rh4 Ncb4 32. Qh3 g6 33. Be4 f5 34. Rh6 Qg7 35. Bxd5 Nxd5 36. Bc1 e5 37. Qg3 Kf7 38. Qh4 Rh8 39. Rxh8 Rxh8 40. Qf2 Qf6 41. Qa7+ Qe7 42. Qxa6 Qh4 43. h3 Qg3 44. Qb7+ Ne7 45. f4 e4 46. Rd1 Qf2 47. Ba3 Re8 48. Qxb5 Qxc2 49. Qb3+ Qxb3 50. axb3 Nc6 51. Rd7+ Kg8 52. Bb2 Rb8 53. Rg7+ Kf8 54. Rc7 Na5 55. Bg7+ Kg8 56. Be5 Rxb3 57. Rg7+ Kf8 58. Rxg6 Rb1+ 59. Kh2 Nc4 60. Re6 Ne3 61. Kg3 Nf1+ 62. Kh4 e3 63. Bd4 Re1 64. g4 fxg4 65. hxg4 Kf7 66. Re5 e2 67. Bf2 Rd1 68. Rxe2 Nd2 69. Kg5 Nf3+ 70. Kf5 Rd5+ 71. Ke4 1-0


[Site "https://www.chess.com"]

[Event "Titled Tuesday Blitz December 06 Late 2022"]
[White "Oro, Faustino"]
[Black "Hernandez Jimenez, Alexander Andres"]
[WhiteFideId "20000197"]
[BlackFideId "3900452"]
[WhiteElo "1984"]
[BlackElo "2098"]
[Result "1-0"]
[Round "01"]
[TimeControl "180+1"]
[Date "2022.12.07"]
[WhiteClock "0:00:11"]
[BlackClock "0:00:01"]

1. e4 c5 2. Nf3 d6 3. d4 cxd4 4. Nxd4 Nf6 5. Nc3 a6 6. f3 e5 7. Nb3 Be6 8. Be3 Nbd7 9. Qd2 h5 10. O-O-O Rc8 11. Nd5 Nxd5 12. exd5 Bf5 13. Bd3 Bxd3 14. Qxd3 g6 15. Kb1 Bg7 16. h4 b5 17. g4 Nb6 18. Na5 Nc4 19. Nc6 Qd7 20. Rdg1 Rxc6 21. dxc6 Qxc6 22. Bc1 d5 23. gxh5 Rxh5 24. Rg5 e4 25. fxe4 dxe4 26. Qe2 Kf8 27. Rxh5 Na3+ 28. Ka1 Nxc2+ 29. Kb1 Nd4 30. Qg2 gxh5 31. Re1 Nf3 32. Rd1 Qf6 33. Qc2 Kg8 34. Qxe4 Nxh4 35. Rh1 Qg6 36. Rxh4 Qxe4+ 37. Rxe4 Bf6 38. Bd2 Kg7 39. Be1 Kg6 40. Kc2 Kf5 41. Kd3 Bxb2 42. a4 bxa4 43. Rxa4 Bf6 44. Rxa6 h4 45. Ke2 Kg4 46. Rxf6 1-0


[Site "https://www.chess.com"]

[Event "Titled Tuesday Blitz December 06 Late 2022"]
[White "Osmonbekov, Talaibek"]
[Black "Obrien, Matthew"]
[WhiteFideId "2017253"]
[BlackFideId "2059150"]
[WhiteElo "2135"]
[BlackElo "2615"]
[Result "1-0"]
[Round "01"]
[TimeControl "180+1"]
[Date "2022.12.07"]
[WhiteClock "0:00:13"]
[BlackClock "0:00:01"]

1. d4 Nf6 2. Bf4 g6 3. Nc3 d5 4. e3 Bg7 5. h4 h5 6. Nf3 O-O 7. Ne5 c5 8. Qd2 Nc6 9. O-O-O Be6 10. f3 Qa5 11. Kb1 cxd4 12. exd4 Rfc8 13. Be2 Nxe5 14. Bxe5 b5 15. Nxb5 Qb6 16. Nc3 a5 17. Na4 Qc6 18. Nc5 a4 19. a3 Bf5 20. Bd3 Bxd3 21. Qxd3 Nd7 22. Nxd7 Qxd7 23. Bxg7 Kxg7 24. g4 hxg4 25. h5 Rh8 26. hxg6 fxg6 27. fxg4 Qxg4 28. Rhg1 Qh5 29. Rg3 Raf8 30. Rdg1 Rf6 31. Qb5 Rhf8 32. Qxa4 Rf1+ 33. Rxf1 Rxf1+ 34. Ka2 Qd1 35. Qc6 Qa1+ 36. Kb3 Rf6 37. Qxd5 Qe1 38. Qe5 Qf2 39. Qxe7+ Rf7 40. Qe5+ Rf6 41. Rc3 Kh6 42. d5 Rf5 43. Rh3+ Rh5 44. Rxh5+ gxh5 45. d6 Qb6+ 46. Ka2 Qc6 47. Qf4+ Kg6 48. Qd2 Qd7 49. Qd5 h4 50. Qe4+ Kg5 51. Qe7+ 1-0


[Site "https://www.chess.com"]

[Event "Titled Tuesday Blitz December 06 Late 2022"]
[White "Ozates, Tuna"]
[Black "Paravyan, David"]
[WhiteFideId "6354521"]
[BlackFideId "4194985"]
[WhiteElo "2151"]
[BlackElo "2551"]
[Result "0-1"]
[Round "01"]
[TimeControl "180+1"]
[Date "2022.12.06"]
[WhiteClock "0:00:15"]
[BlackClock "0:00:10"]

1. e4 e5 2. Nf3 Nf6 3. Nxe5 d6 4. Nf3 Nxe4 5. Qe2 Qe7 6. d3 Nf6 7. Nc3 Qxe2+ 8. Bxe2 g6 9. O-O Bg7 10. h3 O-O 11. Bf4 Nc6 12. Rfe1 Be6 13. a3 a6 14. Ng5 Bd7 15. Be3 Rfe8 16. Bf3 h6 17. Nge4 Nxe4 18. Bxe4 Nd4 19. Bxd4 Bxd4 20. Rab1 c6 21. Kf1 Kf8 22. Bf3 d5 23. Ne2 Be5 24. d4 Bd6 25. c3 Bf5 26. Rbd1 Bc2 27. Rd2 Ba4 28. Nc1 Rxe1+ 29. Kxe1 Bf4 30. Nd3 Bxd2+ 31. Kxd2 Bb5 32. Nc5 b6 33. Nd7+ Ke7 34. Ne5 Rd8 35. b3 c5 36. a4 Be8 37. Ke3 a5 38. Be2 Rc8 39. Ba6 Rc7 40. Nd3 Kd6 41. Ne5 h5 42. Kd3 f6 43. Nf3 Bd7 44. Nd2 Ra7 45. Bb5 Bxb5+ 46. axb5 a4 47. bxa4 Rxa4 48. g4 hxg4 49. hxg4 cxd4 50. cxd4 Ra3+ 51. Ke2 Ra2 52. Kd3 Rb2 53. f4 Rxb5 54. g5 fxg5 55. fxg5 Ra5 56. Nf3 Ra3+ 57. Ke2 Rxf3 0-1


[Site "https://www.chess.com"]

[Event "Titled Tuesday Blitz December 06 Late 2022"]
[White "Ozer, Omer Faruk"]
[Black "Freile Martin, Javier"]
[WhiteFideId "6354564"]
[BlackFideId "3600165"]
[WhiteElo "2260"]
[BlackElo "2322"]
[Result "1-0"]
[Round "01"]
[TimeControl "180+1"]
[Date "2022.12.07"]
[WhiteClock "0:02:16"]
[BlackClock "0:02:29"]

1. e4 c5 2. Nc3 d6 3. f4 Nc6 4. Nf3 e6 5. Bb5 Ne7 6. O-O g6 7. d3 Bg7 8. Qe1 O-O 9. f5 exf5 10. Qh4 f6 11. Bh6 g5 12. Bxg5 fxg5 13. Nxg5 h6 14. Bc4+ Kh8 15. Nf7+ Rxf7 16. Bxf7 Ne5 17. Bb3 N7g6 18. Qxd8+ 1-0


[Site "https://www.chess.com"]

[Event "Titled Tuesday Blitz December 06 Late 2022"]
[White "Pakleza, Zbigniew"]
[Black "Martin Carmona, Gaston Manuel"]
[WhiteFideId "1119290"]
[BlackFideId "22284567"]
[WhiteElo "2410"]
[BlackElo "2235"]
[Result "0-1"]
[Round "01"]
[TimeControl "180+1"]
[Date "2022.12.07"]
[WhiteClock "0:00:10"]
[BlackClock "0:00:09"]

1. d4 Nf6 2. Nf3 c5 3. c3 d5 4. Bf4 Nc6 5. Nbd2 e6 6. e3 Bd6 7. Bg3 O-O 8. Bd3 b6 9. Ne5 Bb7 10. f4 Ne7 11. Qb1 Qc8 12. Bh4 Nf5 13. Bxf5 exf5 14. Bxf6 gxf6 15. Nef3 Qe6 16. Kf2 Rae8 17. Re1 Qd7 18. Nh4 Re4 19. Nxe4 fxe4 20. Qd1 Kh8 21. Qh5 Rg8 22. h3 Qc7 23. Kg1 c4 24. Nf5 Bf8 25. g4 Qd7 26. a4 Rg6 27. Kf2 Bc8 28. Rg1 Qe6 29. Ng3 Rh6 30. Qf5 Qc6 31. Qh5 Rxh5 32. Nxh5 a5 33. Rg2 Bd7 34. Kg1 Be7 35. Kh1 b5 36. axb5 Qxb5 37. f5 a4 38. Nf4 Bc6 39. h4 Bd6 40. Nh5 Be7 41. g5 fxg5 42. f6 Bf8 43. Rxg5 Bh6 44. Rg3 Qxb2 45. Rag1 Qb8 46. Ng7 Bd7 47. Nh5 Bf5 48. Nf4 Bxf4 49. exf4 Bg6 50. f5 Bxf5 51. Rg5 Bg6 52. h5 Kg8 53. hxg6 fxg6 54. Rxd5 Kf7 55. Rd7+ Kxf6 56. Rxh7 Qf4 57. d5 Qf3+ 58. Kh2 Qf2+ 59. Rg2 Qf4+ 60. Kh3 e3 61. d6 Qxd6 62. Rh8 Qe6+ 63. Kh2 Qe5+ 64. Kh1 Kg7 65. Rhh2 a3 66. Re2 Qxc3 67. Rhg2 Qb3 68. Kh2 c3 69. Rc2 Kf6 70. Rce2 Ke5 71. Rxe3+ Kd4 72. Ree2 Kd3 73. Ref2 c2 74. Rg3+ Kc4 75. Rf4+ Kc5 76. Rxb3 c1=Q 77. Rbf3 a2 78. Rf8 a1=Q 79. Rc8+ Kd6 80. Rd3+ Ke7 81. Rxc1 Qxc1 82. Rg3 Qh6+ 83. Kg2 Kf6 84. Rf3+ Kg7 85. Rh3 Qd2+ 86. Kh1 Qe1+ 87. Kg2 Kf6 88. Rf3+ Kg5 89. Rg3+ Kf5 90. Kh2 Qf2+ 91. Kh1 Qf1+ 92. Kh2 Qf2+ 93. Kh1 g5 94. Rg2 Qxg2+ 95. Kxg2 Kg4 96. Kh2 Kf3 97. Kg1 g4 98. Kf1 g3 99. Kg1 g2 100. Kh2 Kf2 101. Kh3 g1=Q 102. Kh4 Qg6 103. Kh3 Qg3# 0-1


[Site "https://www.chess.com"]

[Event "Titled Tuesday Blitz December 06 Late 2022"]
[White "Papp, Levente"]
[Black "Weisz, Bryan"]
[WhiteFideId "751243"]
[BlackFideId "30934133"]
[WhiteElo "2380"]
[BlackElo "2285"]
[Result "1-0"]
[Round "01"]
[TimeControl "180+1"]
[Date "2022.12.07"]
[WhiteClock "0:00:37"]
[BlackClock "0:00:10"]

1. d4 d5 2. Bf4 Nf6 3. Nc3 a6 4. Nf3 e6 5. e3 c5 6. Be2 Bd6 7. Ne5 Qc7 8. g4 Nfd7 9. Nd3 Bxf4 10. Nxf4 cxd4 11. Qxd4 O-O 12. Qd2 d4 13. exd4 Nc6 14. d5 Nce5 15. O-O-O b5 16. dxe6 Nb6 17. Nfd5 Qb7 18. Nxb6 Qxb6 19. Qd5 Nc6 20. exf7+ Rxf7 21. Ne4 Kf8 22. Nd6 Re7 23. Nxc8 Rxc8 24. Qf5+ 1-0


[Site "https://www.chess.com"]

[Event "Titled Tuesday Blitz December 06 Late 2022"]
[White "Perez Leiva, Jerzy Jesus"]
[Black "Grapsa, Georgia"]
[WhiteFideId "3524337"]
[BlackFideId "4206436"]
[WhiteElo "2289"]
[BlackElo "1825"]
[Result "1-0"]
[Round "01"]
[TimeControl "180+1"]
[Date "2022.12.07"]
[WhiteClock "0:00:28"]
[BlackClock "0:00:08"]

1. d4 e6 2. Nf3 b6 3. Nc3 Bb7 4. e4 Nf6 5. Bg5 Be7 6. e5 Nd5 7. h4 Nxc3 8. bxc3 h6 9. Bf4 d6 10. Bb5+ Nd7 11. exd6 cxd6 12. Qe2 Rc8 13. Bd2 O-O 14. Kf1 Nf6 15. Bd3 Qd7 16. Rg1 Ng4 17. Rh1 Rfe8 18. Ng5 Nf6 19. Re1 d5 20. Rh3 Rf8 21. Nf3 Bd6 22. Bxh6 gxh6 23. Ne5 Bxe5 24. Qxe5 Qe7 25. Qf4 1-0


[Site "https://www.chess.com"]